 Dungeon Crawl Stone Soup version 0.15.0-11-g6f4f891 (webtiles) character file.

217 Johnny the Chopper (level 6, 0/47 HPs)
             Began as a Human Berserker on Aug 31, 2014.
             Was a Priest of Trog.
             Slain by an orc wizard
             ... wielding a +0 dagger
              (2 damage)
             ... on Level 3 of the Dungeon.
             The game lasted 00:06:15 (3157 turns).

Johnny the Chopper (Human Berserker)                Turns: 3157, Time: 00:06:16

HP   0/47        AC  8     Str 17      XL: 6   Next: 16%
MP  15/15        EV  9     Int  7      God: Trog [***...]
Gold 130         SH  3     Dex 15      Spells:  0 memorised,  5 levels left

rFire  . . .     SeeInvis .     a - +0 hand axe
rCold  . . .     Clarity  .     d - +0 ring mail
rNeg   . . .     rCorr    .     t - +0 buckler
rPois  .         rRot     .     (no helmet)
rElec  .         Spirit   .     r - +0 cloak
SustAb .         Warding  .     o - +0 pair of gloves
rMut   .         Stasis   .     (no boots)
Gourm  .                        (no amulet)
MR     ++...                    (no ring)
                                h - ring of magical power

@: exhausted, regenerating, slowed, very slow, very resistant to hostile
enchantments, very unstealthy
A: no striking features
a: Burn Spellbooks, Berserk, Trog's Hand, Renounce Religion


You were on level 3 of the Dungeon.
You worshipped Trog.
Trog was most pleased with you.
You were not hungry.

You visited 1 branch of the dungeon, and saw 3 of its levels.

You collected 130 gold pieces.

Inventory:

Hand weapons
 a - a +0 hand axe (weapon)
Missiles
 f - 3 tomahawks (quivered)
 s - 4 javelins
Armour
 b - a +0 animal skin
 d - a +0 ring mail (worn)
 o - a +0 pair of gloves (worn)
 r - a +0 cloak (worn)
 t - a +0 buckler (worn)
Comestibles
 c - 3 fruits
 u - a meat ration
Scrolls
 e - a scroll of enchant armour
 j - 2 scrolls of remove curse
 l - a scroll of magic mapping
 m - a scroll of blinking {unknown}
 v - a scroll of enchant weapon {unknown}
 w - a scroll of amnesia {unknown}
Jewellery
 g - an uncursed ring of magical power
 h - a ring of magical power (left hand)
 q - a -2 ring of evasion
Potions
 i - a potion of invisibility {unknown}
 k - a potion of brilliance {unknown}
 n - a potion of curing {unknown}
 p - 2 potions of lignification {unknown}


   Skills:
 + Level 3.6 Fighting
 + Level 3.9 Axes
 + Level 3.9 Armour
 + Level 3.3 Dodging
 + Level 0.7 Stealth
 + Level 0.2 Shields


You had 5 spell levels left.
You didn't know any spells.

Dungeon Overview and Level Annotations

Branches:
Dungeon (3/15)

Altars:


Message History

The goblin hits you with an uncursed dagger.
* * * LOW HITPOINT WARNING * * *
Something hits you but does no damage.
Your shield and ring mail prevent you from hitting the goblin.
The goblin hits you but does no damage.
You hear some strange, mumbled words.
The puff of flame hits you!
* * * LOW HITPOINT WARNING * * *
The goblin hits you with an uncursed dagger.
* * * LOW HITPOINT WARNING * * *
Something hits you but does no damage.
You hit the goblin.
The goblin is heavily wounded.
The goblin closely misses you.
You hear some strange, mumbled words.
A puff of flame appears from out of thin air!
The puff of flame hits you!
* * * LOW HITPOINT WARNING * * *
The goblin hits you but does no damage. Something hits you.
You die...

#####.....# . # ##...##
.### # ##.## ... # #.#
..# # # #.# ##..#.# #
##'## ....#.# # ##...## #
#..... #
##.....###.##)#.#
##.......##...@g.#
###.....[...####(..#####
..+.........'...>........
###.........####.....###
##.......## ##.##.#
##.....## ## .# ##...## #
##'## #.#


You could see a goblin.

Vanquished Creatures
  An orc priest (D:3)
  An orc wizard (D:3)
  A worker ant (D:3)
  5 adders
  3 gnolls (D:2)
  3 orcs (D:3)
  2 giant cockroaches (D:2)
  4 goblins
  8 hobgoblins
  2 quokkas
  A ball python (D:3)
  8 bats
  A giant gecko (D:1)
  5 giant newts
  7 jackals (D:2)
  7 kobolds
  9 rats
68 creatures vanquished.

Notes
Turn   | Place    | Note
--------------------------------------------------------------
     0 | D:1      | Johnny, the Human Berserker, began the quest for the Orb.
     0 | D:1      | Reached XP level 1. HP: 18/18 MP: 1/1
   115 | D:1      | Reached XP level 2. HP: 22/24 MP: 2/2
   360 | D:1      | Acquired Trog's second power
   787 | D:1      | Reached XP level 3. HP: 26/29 MP: 3/3
  1254 | D:2      | Reached XP level 4. HP: 24/35 MP: 4/4
  2311 | D:2      | Reached XP level 5. HP: 29/41 MP: 5/5
  3148 | D:3      | Reached XP level 6. HP: 47/47 MP: 6/6
  3157 | D:3      | HP: 2/47 [something/puff of flame (5)]
  3157 | D:3      | Slain by an orc wizard

Action                   |  1- 3 |  4- 6 || total
-------------------------+-------+-------++-------
Melee: Hand axe          |   113 |   150 ||   263
Invok: Berserk           |     1 |     4 ||     5
       Trog's Hand       |       |     1 ||     1
  Use: Scroll            |     4 |       ||     4
  Eat: Chunk             |     1 |     6 ||     7
       Royal jelly       |       |     1 ||     1
       Bread ration      |       |     1 ||     1
